 Dungeon Crawl Stone Soup version 0.23.2-1-ga50397a6bc (webtiles) character file.

Game seed: 6152441678004725361

244 Mrkan the Chopper (level 6, -9/56 HPs)
             Began as a Hill Orc Monk on May 23, 2019.
             Mangled by an ogre
             ... wielding a +0 giant spiked club
              (17 damage)
             ... on level 4 of the Dungeon.
             The game lasted 00:05:24 (2839 turns).

Mrkan the Chopper (Hill Orc Monk)                   Turns: 2839, Time: 00:05:24

Health: -9/56      AC: 10    Str: 16    XL:     6   Next: 10%
Magic:  6/6        EV: 10    Int: 10    God:
Gold:   139        SH:  0    Dex: 13    Spells: 5/5 levels left

rFire    . . .     SeeInvis .   a - +0 hand axe
rCold    . . .     Gourm    .   (no shield)
rNeg     . . .     Faith    .   u - +0 plate armour
rPois    .         Spirit   .   (no helmet)
rElec    .         Reflect  .   (no cloak)
rCorr    .         Harm     .   (no gloves)
MR       .....                  (no boots)
Stlth    ..........             (no amulet)
HPRegen  0.18/turn              m - +5 ring of evasion
MPRegen  0.10/turn              (no ring)

@: no status effects
A: no striking features
a: no special abilities


You were on level 4 of the Dungeon.
You were not hungry.

You visited 1 branch of the dungeon, and saw 4 of its levels.

You collected 139 gold pieces.

Inventory:

Hand Weapons
 a - a +0 hand axe (weapon)
Armour
 u - a +0 plate armour (worn)
Jewellery
 m - a +5 ring of evasion (left hand)
Wands
 q - a wand of enslavement (5)
Scrolls
 b - 3 scrolls of enchant weapon {unknown}
 d - 2 scrolls of enchant armour {unknown}
 e - 2 scrolls of identify {unknown}
 g - a scroll of random uselessness {unknown}
 h - a scroll of blinking {unknown}
 i - 2 scrolls of fog {unknown}
 n - a scroll of magic mapping {unknown}
 o - a scroll of fear {unknown}
 p - 4 scrolls of immolation {unknown}
Potions
 f - a potion of haste {unknown}
 j - a potion of curing {unknown}
 k - 2 potions of resistance {unknown}
 l - a potion of heal wounds {unknown}
 s - 2 potions of degeneration {unknown}
 t - a potion of flight {unknown}
Comestibles
 c - 6 rations


   Skills:
 + Level 5.4 Fighting
 * Level 7.5 Axes
 - Level 2.4 Dodging
 - Level 1.5 Stealth


You had 5 spell levels left.
You didn't know any spells.
Your spell library was empty.

Dungeon Overview and Level Annotations

Branches:
Dungeon (4/15)
 Temple: D:4-7

Altars:
Ru


Message History

The ogre is lightly wounded.
You hit the orc. The orc hits you but does no damage.
You slash the ogre!
The ogre is heavily wounded.
Your plate armour prevents you from hitting the orc.
The ogre hits you with a +0 giant spiked club!
You hit the ogre.
The ogre is severely wounded.
You hit the orc.
You kill the orc!
The ogre hits you with a +0 giant spiked club!
* * * LOW HITPOINT WARNING * * *
Your plate armour prevents you from hitting the ogre.
The ogre is severely wounded.
You hit the orc but do no damage. The orc hits you but does no damage.
You hit the ogre.
The ogre is severely wounded.
You hit the orc but do no damage. The orc hits you but does no damage.
The ogre hits you with a +0 giant spiked club!
You die...

##...................
##..#.........#.#.....
.............#....##.
#...................
###..............###.
##...........###..#
#.....####........#
#......†o..........
.......@#.........
#.....O##.........
.....>. .o........
....>.............
#.................
..................
.##........Z.....
##...


You could see an ogre and an orc.

Vanquished Creatures
  A scorpion (D:4)
  Natasha (thrice) (D:2)
  3 adders
  An ooze (D:1)
  An adder skeleton (D:4)
  2 worms
  A dart slug (D:1)
  5 leopard geckos
  3 orcs (D:4)
  8 bats
  5 giant cockroaches
  6 goblins
  11 hobgoblins
  A quokka (D:3)
  A ball python (D:1)
  6 frilled lizards
  7 kobolds
  9 rats
74 creatures vanquished.

Notes
Turn   | Place    | Note
-------+----------+-------------------------------------------
     0 | D:1      | Mrkan the Hill Orc Monk began the quest for the Orb.
     0 | D:1      | Reached XP level 1. HP: 19/19 MP: 1/1
   125 | D:1      | Reached XP level 2. HP: 23/27 MP: 2/2
   291 | D:1      | Reached skill level 5 in Axes
   309 | D:1      | Reached XP level 3. HP: 31/33 MP: 3/3
   460 | D:2      | Noticed Natasha
   470 | D:2      | Killed Natasha
   584 | D:2      | Noticed Natasha
   593 | D:2      | Reached XP level 4. HP: 38/41 MP: 4/4
   605 | D:2      | Killed Natasha
   605 | D:2      | Reached skill level 6 in Axes
   707 | D:2      | Noticed Natasha
   734 | D:2      | Killed Natasha
  1186 | D:2      | Reached XP level 5. HP: 39/47 MP: 5/5
  1554 | D:3      | Reached skill level 5 in Fighting
  1626 | D:3      | Found a sacrificial altar of Ru.
  2011 | D:3      | Reached skill level 7 in Axes
  2582 | D:4      | Reached XP level 6. HP: 27/56 MP: 6/6
  2839 | D:4      | Mangled by an ogre

Skill      XL: |  1  2  3  4  5 |
---------------+----------------+-----
Fighting       | 4 5 |  5.4
Axes           | 5 6 7 |  7.5
Dodging        | |  2.4
Stealth        | |  1.5

Action                   |  1- 3 |  4- 6 || total
-------------------------+-------+-------++-------
Melee: Hand axe          |    93 |   231 ||   324
 Stab: Paralysed         |       |     1 ||     1
  Eat: Chunk             |       |     5 ||     5
       Ration            |       |     1 ||     1
Armor: Ring mail         |    44 |    25 ||    69
       Plate armour      |       |    40 ||    40
Dodge: Dodged            |    82 |   147 ||   229
